 Dungeon Crawl Stone Soup version 0.30.0-10-gfe55d96785 (webtiles) character file.

Game seed: 4883959873039816600

95 Kenran the Chopper (level 4, -1/28 HPs)
             Began as a Gargoyle Monk on May 14, 2023.
             Killed by divine providence
             ... invoked by an orc priest
              (12 damage)
             ... on level 3 of the Dungeon.
             The game lasted 00:03:46 (2176 turns).

Kenran the Chopper (Gargoyle Monk)                  Turns: 2176, Time: 00:03:46

Health: -1/28      AC: 11    Str: 17    XL:     4   Next: 65%
Magic:  4/4        EV:  8    Int: 10    God:
Gold:   116        SH:  0    Dex: 12    Spells: 3/3 levels left

rFire   . . .        a - +0 hand axe
rCold   . . .        d - orb {light}
rNeg    + . .        r - +0 chain mail
rPois   ∞            (no helmet)
rElec   +            (no cloak)
rCorr   .            (no gloves)
SInv    .            (no boots)
Will    .....        (no amulet) Stlth
                     (no ring)
HPRegen 0.24/turn    (no ring)
MPRegen 0.09/turn

%: no passive effects
@: glowing
A: sickness immunity, AC +3, negative energy resistance 1, electricity
resistance, torment resistance 1, petrification resistance
a: no special abilities


You were on level 3 of the Dungeon.
You visited 1 branch of the dungeon, and saw 4 of its levels.

You collected 116 gold pieces.

Inventory:

Hand Weapons
 a - a +0 hand axe (weapon)
Armour
 d - an orb of light (worn)
 r - a +0 chain mail (worn)
Scrolls
 e - a scroll of enchant armour {unknown}
 g - a scroll of amnesia {unknown}
 h - a scroll of fear {unknown}
 j - a scroll of identify {unknown}
 k - a scroll of enchant weapon {unknown}
 m - a scroll of poison {unknown}
 n - 3 scrolls of acquirement {unknown}
 p - a scroll of vulnerability {unknown}
Potions
 b - a potion of brilliance {unknown}
 c - a potion of ambrosia
 f - a potion of lignification {unknown}
 i - a potion of heal wounds {unknown}
 l - a potion of berserk rage {unknown}
 o - a potion of attraction {unknown}
 q - a potion of haste {unknown}
 s - a potion of flight {unknown}


   Skills:
 - Level 3.2 Fighting
 + Level 4.8 Axes
 - Level 2.4 Dodging


You had 3 spell levels left.
You didn't know any spells.
Your spell library contained the following spells:

 Spells                   Type           Power      Damage    Failure   Level
 Kiss of Death            Conj/Necr      0%         2d5       99%         1
 Confusing Touch          Hex            0%         N/A       100%        3
 Dispel Undead            Necr           0%         3d6       100%        4


Dungeon Overview and Level Annotations

Branches:
Dungeon (4/15)
 Temple: D:4-7

Altars:


Innate Abilities, Weirdness & Mutations

You are immune to sickness and miasma.
Your stone body is resilient. (AC +3)
You are immune to poison.
You resist negative energy. (rN+)
You are resistant to electric shocks. (rElec)
You are resistant to unholy torment.
You are immune to petrification.


Message History

A dart slug comes into view.
The dart slug launches a dart at you. The slug dart misses you.
You hit the dart slug.
The dart slug is moderately wounded.
The dart slug launches a dart at you. The slug dart misses you.
You completely miss the dart slug.
The dart slug is moderately wounded.
The dart slug completely misses you.
You hit the dart slug.
The dart slug is heavily wounded.
The dart slug bites you but does no damage.
You hit the dart slug.
The dart slug is almost dead.
You hit the dart slug.
You kill the dart slug!
No target in view!
No target in view!
You see here a dart slug corpse.
There's nothing to open nearby.
An orc comes into view. It is wielding a +0 club.
The orc shouts!
You hear a shout!
The orc hits you but does no damage.
You hit the orc but do no damage.
An orc priest comes into view. It is wielding a +0 hand axe.
The orc hits you with a +0 club.
You hit the orc but do no damage.
The orc priest calls down the wrath of Beogh upon you.
Beogh smites you! The orc hits you but does no damage.
You are too injured to fight recklessly!
You are too injured to fight recklessly!
Okay, then.
The orc attacks as you move away! The orc barely misses you.
You hit the orc but do no damage. The orc hits you with a +0 club.
You hit the orc.
The orc is severely wounded.
The orc priest calls down the wrath of Beogh upon you.
Beogh smites you!
You die...

##### ... #o#
#o#################
#.@........†.......
###################
.........#.....
#######.##.####
#........ #####.###
#.# #.### #....


You could see an orc priest and an orc.

Vanquished Creatures
  4 adders
  A worm (D:2)
  A dart slug (D:3)
  An orc (D:3)
  5 bats
  5 endoplasms
  3 giant cockroaches (D:1)
  5 goblins
  3 hobgoblins
  2 quokkas
  5 ball pythons
  6 frilled lizards
  8 kobolds
  6 rats
55 creatures vanquished.

Notes
Turn   | Place    | Note
-------+----------+-------------------------------------------
     0 | D:1      | Kenran the Gargoyle Monk began the quest for the Orb.
     0 | D:1      | Reached XP level 1. HP: 14/14 MP: 1/1
   147 | D:1      | Reached skill level 3 in Axes
   233 | D:1      | Reached XP level 2. HP: 18/19 MP: 2/2
   742 | D:2      | Reached XP level 3. HP: 15/23 MP: 3/3
   829 | D:2      | Reached skill level 4 in Axes
  1153 | D:2      | Identified the +6 sling of Delu Nou {flame, rPois rF- rN++
                  | Dex+3}
  1390 | D:2      | Reached XP level 4. HP: 28/28 MP: 4/4
  2176 | D:3      | Killed from afar by an orc priest

Illustrated notes

Levels and vault maps discovered:
D:1:      dpeg_arrival_concentric_ovals, layout_basic, serial_forest,
          infiniplex_forest_lined_3, infiniplex_forest_lined_room_2,
          infiniplex_forest_end_3, infiniplex_forest_clump_long,
          infiniplex_forest_fountain, infiniplex_forest_lined_1, minmay_bisected
D:2:      layout_basic
D:3:      layout_basic, lemuel_crystal_altar
D:4:      layout_cave_pods, nicolae_dithmenos_through_a_glass_darkly,
          makhleb_heckhound_becter, gammafunk_ghost_grave,
          nicolae_shop_i_like_big_books

Skill      XL: |  1  2  3 |
---------------+----------+-----
Axes           | 3 4 |  4.8
Fighting       | |  3.2
Dodging        | |  2.4

Action                     |  1- 3 |  4- 6 || total
---------------------------+-------+-------++-------
  Melee: Hand axe          |   109 |    45 ||   154
 Armour: Ring mail         |     2 |       ||     2
         Scale mail        |    49 |    15 ||    64
         Robe              |     1 |       ||     1
         Chain mail        |       |     8 ||     8
  Dodge: Dodged            |    61 |    17 ||    78
